 Dungeon Crawl Stone Soup version 0.29-a0-283-ga02f740833 (webtiles) character file.

Game seed: 4033086602816531216

487 Dabor the Skirmisher (level 7, -3/44 HPs)
             Began as a Gargoyle Fighter on Mar 13, 2022.
             Was an Initiate of Gozag.
             Slain by Crazy Yiuf
             ... wielding a +3 quarterstaff of chaos
              (12 damage)
             ... on level 4 of the Dungeon.
             The game lasted 00:06:52 (4737 turns).

Dabor the Skirmisher (Gargoyle Fighter)             Turns: 4737, Time: 00:06:53

Health: -3/44      AC: 14    Str: 22    XL:     7   Next: 13%
Magic:  7/7        EV:  9    Int:  8    God:    Gozag
Gold:   422        SH:  4    Dex:  9    Spells: 6/6 levels left

rFire   . . .      SeeInvis .   a - +0 flail (drain)
rCold   . . .      Faith    .   c - +0 buckler
rNeg    + . .      Spirit   .   b - +0 scale mail
rPois   ∞          Reflect  .   j - +0 helmet
rElec   +          Harm     .   (no cloak)
rCorr   .          Rampage  .   (no gloves)
Will    .....                   l - +0 pair of boots
Stlth   ..........              (no amulet)
HPRegen 0.14/turn               (no ring)
MPRegen 0.10/turn               (no ring)

@: about to teleport
A: sickness immunity, AC +4, negative energy resistance 1, electricity
resistance, torment resistance 1, petrification resistance
a: Renounce Religion, Potion Petition, Call Merchant, Bribe Branch


You were on level 4 of the Dungeon.
You worshipped Gozag.
Gozag was aware of your devotion.
You visited 1 branch of the dungeon, and saw 4 of its levels.

You collected 483 gold pieces.
You paid 61 gold pieces to Gozag.

Inventory:

Hand Weapons
 a - a +0 flail of draining (weapon)
Armour
 b - a +0 scale mail (worn)
 c - a +0 buckler (worn)
 j - a +0 helmet (worn)
 l - a +0 pair of boots (worn)
Scrolls
 g - 3 scrolls of identify
 k - 2 scrolls of enchant armour
 o - a scroll of torment
 p - a scroll of fog
Potions
 m - a potion of resistance


   Skills:
 + Level 5.2 Fighting
 + Level 4.0 Maces & Flails
 + Level 5.1 Armour
 + Level 5.1 Shields


You had 6 spell levels left.
You didn't know any spells.
Your spell library contained the following spells:

 Spells                   Type           Power      Damage    Failure   Level
 Apportation              Tloc           0%         N/A       80%         1
 Summon Small Mammal      Summ           0%         N/A       80%         1
 Ensorcelled Hibernation  Hex/Ice        0%         N/A       91%         2
 Passwall                 Tmut/Erth      0%         N/A       91%         2
 Call Canine Familiar     Summ           0%         N/A       99%         3
 Frozen Ramparts          Ice            0%         1d2       99%         3
 Summon Guardian Golem    Hex/Summ       0%         N/A       99%         3
 Swiftness                Air            0%         N/A       99%         3
 Vampiric Draining        Necr           0%         2d6       99%         3
 Hailstorm                Conj/Ice       0%         3d3       100%        4
 Passage of Golubria      Tloc           0%         N/A       100%        4
 Alistair's Intoxication  Tmut/Pois      0%         N/A       100%        5
 Silence                  Hex/Air        0%         N/A       100%        5
 Death Channel            Necr           0%         N/A       100%        6
 Lehudib's Crystal Spear  Conj/Erth      0%         10d2      100%        8


Dungeon Overview and Level Annotations

Branches:
Dungeon (4/15)
 Temple: D:4-7

Altars:
Elyvilon
Gozag
Wu Jian
The Shining One

Annotations:
D:4 Crazy Yiuf


Innate Abilities, Weirdness & Mutations

You are immune to sickness and miasma.
Your stone body is resilient. (AC +4)
You are immune to poison.
You resist negative energy. (rN+)
You are resistant to electric shocks. (rElec)
You are resistant to unholy torment.
You are immune to petrification.


Message History

Crazy Yiuf shouts!
You block Crazy Yiuf's attack.
You hit Crazy Yiuf.
Crazy Yiuf is lightly wounded.
Crazy Yiuf hits you with a +3 quarterstaff of chaos!
Crazy Yiuf burns you.
You barely miss Crazy Yiuf.
Crazy Yiuf is lightly wounded.
You block Crazy Yiuf's attack.
You barely miss Crazy Yiuf.
Crazy Yiuf is lightly wounded.
Crazy Yiuf hits you with a +3 quarterstaff of chaos.
You are confused.
Crazy Yiuf hits you with a +3 quarterstaff of chaos.
You easily resist.
You completely miss Crazy Yiuf.
Crazy Yiuf is lightly wounded.
Crazy Yiuf hits you with a +3 quarterstaff of chaos!
Crazy Yiuf freezes you.
You're too confused to move!
Crazy Yiuf barely misses you.
Okay, then.
You are too confused!
You feel less confused.
You completely miss Crazy Yiuf.
Crazy Yiuf is lightly wounded.
Crazy Yiuf hits you with a +3 quarterstaff of chaos!
* * * LOW HITPOINT WARNING * * *
Crazy Yiuf freezes you.
* * * LOW HITPOINT WARNING * * *
You barely miss Crazy Yiuf.
Crazy Yiuf is lightly wounded.
Crazy Yiuf hits you with a +3 quarterstaff of chaos.
* * * LOW HITPOINT WARNING * * *
Crazy Yiuf freezes you.
* * * LOW HITPOINT WARNING * * *
As you read the scroll of teleportation, it crumbles to dust.
You feel strangely unstable.
Crazy Yiuf hits you with a +3 quarterstaff of chaos!
You die...
Your body crumbles into a pile of gold.

#.# #..#...###.
#.# ##.#.....#'
#.# #.#.....#.
#.# #########.
#.# #. #.###♣♣♣♣♣
#. #.#....♣.♣♣♣
### #.
#..g....♣§§♣#§..#
#.
#..@...♣♣♣♣§g§..#
#. ##...♣♣♣
♣♣#§.)# #< ####♣
### #. #. #. ## #


You could see Crazy Yiuf.

Vanquished Creatures
  Sigmund (D:4)
  An ice beast (D:4)
  A howler monkey (D:4)
  A gnoll shaman (D:4)
  An iguana (D:4)
  Robin (D:4)
  3 gnolls (D:4)
  An adder (D:3)
  3 dart slugs
  An orc (D:4)
  4 endoplasms
  A giant cockroach (D:1)
  12 goblins
  11 hobgoblins
  4 jackals (D:4)
  3 quokkas (D:1)
  9 ball pythons
  8 bats
  3 frilled lizards
  7 kobolds
  2 rats (D:1)
78 creatures vanquished.

Notes
Turn   | Place    | Note
-------+----------+-------------------------------------------
     0 | D:1      | Dabor the Gargoyle Fighter began the quest for the Orb.
     0 | D:1      | Reached XP level 1. HP: 14/14 MP: 1/1
    12 | D:1      | You fall into a shaft and drop 1 floor!
   209 | D:1      | Reached XP level 2. HP: 19/19 MP: 2/2
   673 | D:1      | Found a faded altar of an unknown god.
   738 | D:1      | Reached XP level 3. HP: 18/23 MP: 3/3
  1289 | D:2      | Got the Grimoire of Frigorific Necromancy
  1738 | D:3      | Found a white marble altar of Elyvilon.
  1813 | D:3      | Found an opulent altar of Gozag.
  2365 | D:3      | Became a worshipper of Gozag Ym Sagoz the Greedy
  2396 | D:4      | Noticed Sigmund
  2599 | D:3      | Reached XP level 4. HP: 29/29 MP: 4/4
  2719 | D:4      | Killed Sigmund
  2720 | D:4      | Reached XP level 5. HP: 10/34 MP: 5/5
  2720 | D:4      | Reached XP level 6. HP: 11/39 MP: 6/6
  2965 | D:4      | Noticed an ice beast
  2971 | D:4      | HP: 1/39 [ice beast (14)]
  2988 | D:4      | Killed an ice beast
  3309 | D:4      | Found an ornate altar of the Wu Jian Council.
  3335 | D:4      | Noticed Robin
  3352 | D:4      | Killed Robin
  3405 | D:4      | Reached skill level 5 in Fighting
  3581 | D:4      | Reached skill level 5 in Armour
  3581 | D:4      | Reached skill level 5 in Shields
  3585 | D:4      | Reached XP level 7. HP: 41/44 MP: 7/7
  4090 | D:4      | Found a glowing golden altar of the Shining One.
  4195 | D:4      | Found a runed translucent door.
  4196 | D:4      | Noticed Crazy Yiuf
  4404 | D:4      | Paralysed by Crazy Yiuf for 3 turns
  4737 | D:4      | Slain by Crazy Yiuf

Illustrated notes

Levels and vault maps discovered:
D:1:      nzn_arrival_settlement, layout_basic, ebering_ecumenical_altar_rust,
          minmay_misc_feat_x, minmay_split_cup_large
D:2:      minmay_general_purpose_star, layout_basic
D:3:      layout_loops_ring, overflow_temple_1_default, lemuel_tele_altar
D:4:      nicolae_cairo_tiling_very_big, layout_rooms,
          pdpol_wu_jian_five_deadly_venoms, tso_metal_star, uniq_robin,
          uniq_sigmund, uniq_crazy_yiuf_cottage

Skill      XL: |  1  2  3  4  5  6  7 |
---------------+----------------------+-----
Fighting       | 4 5 |  5.2
Maces & Flails | 3 4 |  4.0
Armour         | 4 5 |  5.1
Shields        | 4 5 |  5.1

Action                   |  1- 3 |  4- 6 |  7- 9 || total
-------------------------+-------+-------+-------++-------
Melee: Flail             |   127 |   126 |    27 ||   280
  Use: Potion            |       |     5 |     2 ||     7
       Scroll            |       |       |     6 ||     6
Armor: Scale mail        |    77 |    79 |     8 ||   164
       Skin              |       |    34 |    13 ||    47
Dodge: Dodged            |    80 |    61 |    11 ||   152
Block: Buckler           |    34 |    40 |    12 ||    86

Table legend: (Time is in decaauts)
 A = Elapsed time spent in this place.
 B = Non-inter-level travel time spent in this place.
 C = Inter-level travel time spent in this place.
 D = Time resting spent in this place.
 E = Time spent auto-exploring this place.
 F = Levels seen in this place.
 G = Mean time per level.
                   A        B        C        D        E       F      G
               +--------+--------+--------+--------+--------+-----+--------+
         Total |   4804 |   4553 |    251 |   1322 |   2428 |   4 | 1201.0 |
       Dungeon |   4804 |   4553 |    251 |   1322 |   2428 |   4 | 1201.0 |
               +--------+--------+--------+--------+--------+-----+--------+

Top non-repeatable levels by time:
     D:4: 1621 daAuts
     D:3: 1542 daAuts
     D:1: 1021 daAuts
     D:2: 618 daAuts
